 Dungeon Crawl Stone Soup version 0.16-a0-623-g20b2139 (webtiles) character file.

969 PolkaDot the Cleaver (level 8, -1/81 HPs)
             Began as a Hill Orc Fighter on Sept 17, 2014.
             Slain by Somebody's ghost (3 damage)
             ... on Level 5 of the Dungeon.
             The game lasted 00:10:14 (3518 turns).

PolkaDot the Cleaver (Hill Orc Fighter)             Turns: 3518, Time: 00:10:14

HP  -1/81        AC  7     Str 19      XL: 8   Next: 16%
MP   8/8         EV  8     Int  8      God:
Gold 197         SH  0     Dex 15      Spells:  0 memorised,  7 levels left

rFire  + . .     SeeInvis .     a - +0 war axe
rCold  + . .     Clarity  .     b - +0 scale mail
rNeg   . . .     rCorr    +     (no shield)
rPois  +         rRot     .     (no helmet)
rElec  +         Spirit   .     s - +0 cloak
SustAb .         Warding  .     (no gloves)
rMut   .         Stasis   .     (no boots)
Gourm  +                        l - amulet of the gourmand
MR     .....                    (no ring)
                                i - +3 ring of dexterity

@: lethally poisoned, resistant, drained, not resistant to hostile enchantments,
extremely unstealthy
A: no striking features
a: no special abilities


You were on level 5 of the Dungeon.
You were very full.

You visited 1 branch of the dungeon, and saw 5 of its levels.

You collected 197 gold pieces.

Inventory:

Hand weapons
 a - a +0 war axe (weapon)
Armour
 b - a +0 scale mail (worn)
 s - a +0 cloak (worn)
Magical devices
 m - a wand of random effects (19) {unknown}
 n - a wand of enslavement (7)
Comestibles
 d - 3 meat rations
 r - a rotting chunk of goblin flesh
 u - a slice of pizza
Scrolls
 c - 3 scrolls of teleportation {unknown}
 f - 3 scrolls of identify
 g - 3 scrolls of random uselessness {unknown}
 h - a scroll of magic mapping {unknown}
 j - a scroll of fog {unknown}
Jewellery
 i - a +3 ring of dexterity (left hand)
 l - an amulet of the gourmand (around neck)
 p - an uncursed amulet of resist mutation
 t - a cursed ring of loudness {unknown}
Potions
 k - a potion of resistance
 o - 2 potions of brilliance


   Skills:
 + Level 10.6(10.2) Fighting
 * Level 14.9(14.5) Axes
 - Level 3.2(2.9) Armour
   Level 3.2(2.9) Shields


You had 7 spell levels left.
You didn't know any spells.

Dungeon Overview and Level Annotations

Branches:
Dungeon (5/15)             Temple (0/1) D:4

Altars:
Nemelex Xobeh
Ru
The Shining One

Annotations:
D:2 Sigmund
D:5 Somebody's ghost, experienced DsWn


Message History

You feel more experienced!
Your Fighting skill gained 4 levels and is now at level 10!
Your Axes skill gained 6 levels and is now at level 14!
It was a potion of experience.
You have reached level 8!
Somebody's ghost hits you.
* * * LOW HITPOINT WARNING * * *
You slash Somebody's ghost!
Somebody's ghost is heavily damaged.
Somebody's ghost casts a spell at you.
You are frozen.
* * * LOW HITPOINT WARNING * * *
You miss Somebody's ghost.
Somebody's ghost is heavily damaged.
* * * LOW HITPOINT WARNING * * *
You feel sick.
You miss Somebody's ghost.
Somebody's ghost is heavily damaged.
Somebody's ghost hits you.
You die...

... #......#
#.....:#
#......#
#...... .....
... #W# .
#@#### .!#
###....###..#
#............
#.#.......?...
#.##....##..#
##.##....# .
.........<#
##.####.## #
#.#


You could see Somebody's ghost.

Vanquished Creatures
  The ghost of Foahim the Skirmisher, an average HOFi of Makhleb (D:4)
  The ghost of PolkaDot the Chopper, an average HOFi (D:3)
  A scorpion (D:4)
  A centaur skeleton (D:4)
  Natasha (D:3)
  Ijyb (D:2)
  3 adders
  2 worms
  6 giant geckos
  2 orcs
  3 ball pythons
  12 bats
  3 giant cockroaches
  17 goblins
  7 hobgoblins
  10 jackals
  2 quokkas
  3 giant newts
  11 kobolds
  11 rats
  A rat skeleton (D:4)
99 creatures vanquished.

Notes
Turn   | Place    | Note
--------------------------------------------------------------
     0 | D:1      | PolkaDot, the Hill Orc Fighter, began the quest for the Orb.
     0 | D:1      | Reached XP level 1. HP: 19/19 MP: 1/1
    83 | D:1      | Reached XP level 2. HP: 22/27 MP: 2/2
   281 | D:1      | Reached skill level 4 in Axes
   320 | D:1      | Reached XP level 3. HP: 17/33 MP: 3/3
   547 | D:1      | Found a sparkling altar of Nemelex Xobeh.
   999 | D:2      | Reached skill level 5 in Axes
  1003 | D:2      | Reached XP level 4. HP: 33/40 MP: 4/4
  1302 | D:2      | Found a glowing golden altar of the Shining One.
  1405 | D:2      | Noticed Ijyb
  1438 | D:2      | Killed Ijyb
  1778 | D:2      | Noticed Sigmund
  1817 | D:3      | Noticed PolkaDot's ghost (average HOFi)
  1869 | D:3      | Killed PolkaDot's ghost
  1869 | D:3      | Reached skill level 5 in Fighting
  1869 | D:3      | Reached skill level 6 in Axes
  1869 | D:3      | Reached XP level 5. HP: 42/48 MP: 5/5
  1977 | D:3      | Found a sacrificial altar of Ru.
  2535 | D:3      | Noticed Natasha
  2541 | D:3      | Killed Natasha
  2541 | D:3      | Reached XP level 6. HP: 46/56 MP: 6/6
  2870 | D:4      | Noticed Foahim's ghost (average HOFi)
  2874 | D:4      | Reached skill level 7 in Axes
  2887 | D:4      | Killed Foahim's ghost
  3010 | D:4      | Reached skill level 8 in Axes
  3010 | D:4      | Reached XP level 7. HP: 62/62 MP: 7/7
  3084 | D:4      | Found a staircase to the Ecumenical Temple.
  3495 | D:5      | Entered Level 5 of the Dungeon
  3501 | D:5      | Noticed Somebody's ghost (experienced DsWn)
  3515 | D:5      | Reached skill level 10 in Fighting
  3515 | D:5      | Reached skill level 14 in Axes
  3515 | D:5      | Reached XP level 8. HP: 8/81 MP: 8/8
  3516 | D:5      | HP: 2/81 [Somebody's ghost (5)]
  3518 | D:5      | Slain by Somebody's ghost

Action                   |  1- 3 |  4- 6 |  7- 9 || total
-------------------------+-------+-------+-------++-------
Melee: War axe           |   123 |   183 |    23 ||   329
Evoke: Wand              |       |     1 |       ||     1
  Use: Potion            |       |     7 |     3 ||    10
       Scroll            |       |     2 |       ||     2
  Eat: Chunk             |     1 |    28 |     1 ||    30
